 Dungeon Sprint DCSS version 0.27-a0-1248-g57ac2eb73c (webtiles) character file.

Game seed: 6855776908164906776

53 27snakeeyes612 the Slasher (level 3, -2/38 HPs)
             Began as a Minotaur Berserker on June 10, 2021.
             Was a Priest of Trog.
             Succumbed to an adder's poison
             ... in the Dungeon (Sprint IX: "|||||||||||||||||||||||||||||").
             The game lasted 00:00:06 (31 turns).

27snakeeyes612 the Slasher (Minotaur Berserker)       Turns: 31, Time: 00:00:07

Health: -2/38      AC:  2    Str: 22    XL:     3   Next: 62%
Magic:  2/2        EV: 12    Int:  4    God:    Trog [***...]
Gold:   0          SH:  0    Dex:  9    Spells: 2/2 levels left

rFire    . . .     SeeInvis .   a - +0 falchion
rCold    . . .     Faith    .   (no shield)
rNeg     . . .     Spirit   .   b - +0 animal skin
rPois    .         Reflect  .   (helmet restricted)
rElec    .         Harm     .   (no cloak)
rCorr    .         Rampage  .   (no gloves)
Will     .....     NoTele   +   (no boots)
Stlth    +.........             (no amulet)
HPRegen  0.12/turn              (no ring)
MPRegen  0.08/turn              (no ring)

@: lethally poisoned (-2 -> -9), on berserk cooldown, slowed, very slow
A: horns 2, retaliatory headbutt
a: Renounce Religion, Berserk, Trog's Hand


You were in the Dungeon.
You worshipped Trog.
Trog was most pleased with you.
You visited 1 branch

Inventory:

Hand Weapons
 a - a +0 falchion (weapon)
Armour
 b - a +0 animal skin (worn)
Scrolls
 h - a scroll of blinking
Potions
 c - a potion of curing
 d - a potion of heal wounds
 e - a potion of haste
 f - 2 potions of magic
 g - a potion of berserk rage


   Skills:
 + Level 6.4 Fighting
 + Level 6.6 Long Blades
 + Level 3.5 Armour
 + Level 3.4 Dodging


You had 2 spell levels left.
You didn't know any spells.
Your spell library was empty.

Dungeon Overview and Level Annotations

Branches:
Dungeon (1/1)

Altars:


Innate Abilities, Weirdness & Mutations

You have a pair of horns on your head.
You reflexively headbutt those who attack you in melee.


Message History

Pain shoots through your body! The shadow imp hits you.
You hit the shadow imp but do no damage.
The shadow imp is lightly wounded.
The shadow imp gestures at you. Pain shoots through your body!
You hit the shadow imp. You headbutt the shadow imp.
You kill the shadow imp!
Trog accepts your kill. The adder misses you. You furiously retaliate!
You headbutt the adder!
You riposte.
You hit the adder.
You kill the adder!
Trog accepts your kill.
You hit the adder.
The adder is heavily wounded.
You are no longer corroded.
The adder bites you but does no damage. The adder bites you.
You closely miss the adder.
You headbutt the adder, but do no damage.
The adder is heavily wounded.
The adder closely misses you. The adder bites you.
* * * LOW HITPOINT WARNING * * *
You closely miss the adder.
The adder is heavily wounded.
The adder bites you.
* * * LOW HITPOINT WARNING * * *
You are poisoned.
The adder poisons you! The adder barely misses you.
You miss the adder.
The adder is heavily wounded.
You feel sick. The adder closely misses you. The adder bites you.
* * * LOW HITPOINT WARNING * * *
You miss the adder.
The adder is heavily wounded.
You feel sick. The adder bites you.
* * * LOW HITPOINT WARNING * * *
You are more poisoned.
The adder poisons you! The adder bites you but does no damage.
You closely miss the adder.
The adder is heavily wounded.
You die... ▓▓▓▓▓▓▓▓▓▓▓▓▓▓▓▓▓▓ +....ZS@....)...<▓ ▓▓▓▓▓▓▓▓▓▓▓▓▓▓▓▓▓▓

You could see an adder and a ball python zombie.

Vanquished Creatures
  A jelly (D)
  An adder (D)
  A shadow imp (D)
  2 bats (D)
  An endoplasm (D)
  A jackal (D)
  A goblin (D)
8 creatures vanquished.

Notes
Turn   | Place    | Note
-------+----------+-------------------------------------------
     0 | D        | 27snakeeyes612 the Minotaur Berserker began the quest for
                  | the Orb.
     0 | D        | Reached XP level 1. HP: 19/19 MP: 0/0
     8 | D        | Reached ** piety under Trog
    17 | D        | Noticed a jelly
    21 | D        | Killed a jelly
    22 | D        | Reached XP level 2. HP: 20/30 MP: 1/1
    22 | D        | Reached XP level 3. HP: 25/37 MP: 2/2
    25 | D        | Reached *** piety under Trog
    30 | D        | HP: 1/38 [adder (3)]
    31 | D        | Succumbed to an adder's poison

Illustrated notes

Levels and vault maps discovered:
D:        linesprint [early_d, line_temple, items_1, d_10, items_2, lair_1,
          lair_end, items_3, orc_1, orc_end, items_4, d_15, swamp_1, shoals_1,
          snake_1, spider_1, d_20, vaults_1, items_5, swamp_end, shoals_end,
          snake_end, spider_end, vaults_end, d_27, items_6, zot_1, zot_end,
          crypt_end, forest_end, elf_end, slime_end, tomb_end, abyss_end,
          pan_hell_end]

Skill      XL: |  1 |
---------------+----+-----
Fighting       | 6 |  6.4
Long Blades    | 6 |  6.6
Armour         | 3 |  3.5
Dodging        | 3 |  3.4

Action                   || total
-------------------------++-------
Melee: Falchion          ||    20
       Headbutt          ||     5
Invok: Berserk           ||     1
Armor: Animal skin       ||     3
Dodge: Dodged            ||    16
       Rpst.: Falchion   ||     5

Table legend: (Time is in decaauts)
 A = Elapsed time spent in this place.
 B = Non-inter-level travel time spent in this place.
 C = Inter-level travel time spent in this place.
 D = Time resting spent in this place.
 E = Time spent auto-exploring this place.
 F = Levels seen in this place.
 G = Mean time per level.
                   A        B        C        D        E       F      G
               +--------+--------+--------+--------+--------+-----+--------+
         Total |     35 |     35 |      0 |      0 |      0 |   1 |   35.0 |
       Dungeon |     35 |     35 |      0 |      0 |      0 |   1 |   35.0 |
               +--------+--------+--------+--------+--------+-----+--------+

Top non-repeatable levels by time:
       D: 35 daAuts
